 Dungeon Crawl Stone Soup version 0.27-a0-1555-g0e7b3fb1d2 (webtiles) character file.

Game seed: 5813556999181102401

35 zazu2006 the Magician (level 3, -2/30 HPs)
             Began as a Naga Hedge Wizard on July 14, 2021.
             Slain by Natasha (8 damage)
             ... on level 3 of the Dungeon.
             The game lasted 00:02:49 (1996 turns).

zazu2006 the Magician (Naga Hedge Wizard)           Turns: 1996, Time: 00:02:50

Health: -2/30      AC:  6    Str: 12    XL:     3   Next: 33%
Magic:  2/8        EV:  7    Int: 15    God:
Gold:   117        SH:  0    Dex: 10    Spells: 0/9 levels left

rFire    . . .     SeeInvis +   a - +0 dagger
rCold    + . .     Faith    .   (no shield)
rNeg     . . .     Spirit   .   b - +0 robe
rPois    +         Reflect  .   c - +0 hat
rElec    .         Harm     .   (no cloak)
rCorr    .         Rampage  .   (no gloves)
Will     +....                  l - +0 barding
Stlth    ++........             d - amulet of regeneration
HPRegen  1.10/turn              e - ring of willpower
MPRegen  0.11/turn              m - ring of protection from cold

@: very slightly contaminated, slowed, very slow
A: AC +1, large, see invisible, deformed body, poison resistance, slowness 2,
spit poison 1, naga tail 1
a: Spit Poison


You were on level 3 of the Dungeon.
You visited 1 branch of the dungeon, and saw 3 of its levels.

You collected 117 gold pieces.

Inventory:

Hand Weapons
 a - a +0 dagger (weapon)
Armour
 b - a +0 robe (worn)
 c - a +0 hat (worn)
 l - a +0 barding (worn)
Jewellery
 d - an amulet of regeneration (around neck)
 e - a ring of willpower (left hand)
 m - a ring of protection from cold (right hand)
Scrolls
 g - 3 scrolls of magic mapping {unknown}
 h - a scroll of silence {unknown}
 j - a scroll of acquirement {unknown}
 k - a scroll of teleportation {unknown}
Potions
 f - 2 potions of magic {unknown}
 i - 2 potions of mutation {unknown}
 n - a potion of curing {unknown}


   Skills:
 + Level 0.3 Fighting
 + Level 1.6 Dodging
 + Level 3.3 Stealth
 + Level 3.6 Spellcasting
 + Level 1.6 Conjurations
 + Level 1.0 Summonings
 + Level 1.0 Translocations
 + Level 0.1 Air Magic


You couldn't memorise any spells.
You knew the following spells:

 Your Spells              Type           Power      Damage    Failure   Level
a - Magic Dart            Conj           28%        1d4       10%         1
b - Mephitic Cloud        Conj/Pois/Air  4%         N/A       41%         3
c - Conjure Flame         Conj/Fire      5%         6-21      38%         3
d - Blink                 Tloc           N/A        N/A       19%         2

Your spell library contained the following spells:

 Spells                   Type           Power      Damage    Failure   Level
 Call Imp                 Summ           5%         N/A       19%         2
 Slow                     Hex            2%         N/A       28%         2


Dungeon Overview and Level Annotations

Branches:
Dungeon (3/15)

Altars:

Annotations:
D:3 Natasha


Innate Abilities, Weirdness & Mutations

Your serpentine skin is tough. (AC +1)
You have supernaturally acute eyesight. (SInv)
Armour fits poorly on your strangely shaped body.
Your system is resistant to poisons. (rPois)
You cover ground very slowly.
You can spit poison.
You have a snake-like lower body.


Message History

Confirm with . or Enter, or press ? or * to list all spells.
Aiming: Magic Dart (safe; 10% risk of failure)
Press: ? - help, Shift-Dir - straight line, f/p - Natasha
Aim: Natasha (heavily wounded, 100% to hit)
The magic dart hits Natasha.
Natasha is severely wounded.
Natasha casts a spell at you. You resist with almost no effort.
Natasha howls an incantation.
Natasha's front paws start to glow.
Casting: Magic Dart (safe; 10% risk of failure)
Confirm with . or Enter, or press ? or * to list all spells.
Aiming: Magic Dart (safe; 10% risk of failure)
Press: ? - help, Shift-Dir - straight line, f/p - Natasha
Aim: Natasha (heavily wounded, 100% to hit)
The magic dart hits Natasha.
Natasha is severely wounded.
Natasha claws you!
Casting: Magic Dart (safe; 10% risk of failure)
Confirm with . or Enter, or press ? or * to list all spells.
Aiming: Magic Dart (safe; 10% risk of failure)
Press: ? - help, Shift-Dir - straight line, f/p - Natasha
Aim: Natasha (severely wounded, 100% to hit)
The magic dart hits Natasha.
Natasha is severely wounded.
Natasha stares at you and mumbles some strange words.
The magic dart hits you!
Casting: Magic Dart (safe; 10% risk of failure)
Confirm with . or Enter, or press ? or * to list all spells.
Aiming: Magic Dart (safe; 10% risk of failure)
Press: ? - help, Shift-Dir - straight line, f/p - Natasha
Aim: Natasha (severely wounded, 100% to hit)
You miscast Magic Dart.
You are very lightly contaminated with residual magic.
Nothing appears to happen.
You have got your breath back.
Natasha claws you.
* * * LOW HITPOINT WARNING * * *
Natasha claws you!
You die...

.: #†# #.# ##.#
#.####.## ...# #........
#..# ######.## #..# #.#
#..##### ######.#
#5.....# ...##.#
#h####.#####.##.##
#@#...............
#.#..#.#..##.#.###
#....# ...#.#.#
###..#####.#.#.###
#....#.......#.#..
#[#.##.##..#.#.#.#
#....#)....#.#.#.#
#######'#..#..#.##.#.#.#
#.............#......#.#


You could see Natasha and a white imp (summoned).

Vanquished Creatures
  A ball python (D:2)
  4 endoplasms
  A giant cockroach (D:1)
  A goblin (D:2)
  10 hobgoblins
  A quokka (D:1)
  4 bats
  A frilled lizard (D:1)
  3 kobolds
  3 rats
29 creatures vanquished.

Notes
Turn   | Place    | Note
-------+----------+-------------------------------------------
     0 | D:1      | zazu2006 the Naga Hedge Wizard began the quest for the Orb.
     0 | D:1      | Reached XP level 1. HP: 15/15 MP: 4/4
   252 | D:1      | Reached XP level 2. HP: 22/22 MP: 4/6
  1290 | D:2      | Reached XP level 3. HP: 28/28 MP: 4/8
  1294 | D:2      | Learned a level 3 spell: Mephitic Cloud
  1298 | D:2      | Learned a level 3 spell: Conjure Flame
  1301 | D:2      | Learned a level 2 spell: Blink
  1987 | D:3      | Noticed Natasha
  1996 | D:3      | Slain by Natasha

Illustrated notes

Levels and vault maps discovered:
D:1:      dpeg_arrival_signposts, layout_basic, minmay_stone_trees_small
D:2:      layout_loops_ring
D:3:      layout_basic, amethyst_overflow_temple_binary, cheibrodos_gnoll_hut,
          uniq_crazy_yiuf_cottage, uniq_ijyb, uniq_jessica, uniq_natasha

Action                   || total
-------------------------++-------
Melee: Dagger            ||    15
 Cast: Magic Dart        ||    58
       Mephitic Cloud    ||     1
 Abil: Spit Poison       ||    18
 Stab: Confused          ||     1
       Sleeping          ||     1
Armor: Robe              ||     1
Dodge: Dodged            ||     8

Table legend: (Time is in decaauts)
 A = Elapsed time spent in this place.
 B = Non-inter-level travel time spent in this place.
 C = Inter-level travel time spent in this place.
 D = Time resting spent in this place.
 E = Time spent auto-exploring this place.
 F = Levels seen in this place.
 G = Mean time per level.
                   A        B        C        D        E       F      G
               +--------+--------+--------+--------+--------+-----+--------+
         Total |   2529 |   2443 |     86 |     11 |   2238 |   3 |  843.0 |
       Dungeon |   2529 |   2443 |     86 |     11 |   2238 |   3 |  843.0 |
               +--------+--------+--------+--------+--------+-----+--------+

Top non-repeatable levels by time:
     D:2: 1087 daAuts
     D:1: 1023 daAuts
     D:3: 418 daAuts
